 Dungeon Crawl Stone Soup version 0.27.1-3-gb3d3a73c9e (webtiles) character file.

Game seed: 12003651826559459561

144 styxcanada the Sneak (level 5, 0/26 HPs)
             Began as a Spriggan Brigand on Oct 17, 2021.
             Slain by Robin (1 damage)
             ... on level 2 of the Dungeon.
             The game lasted 00:12:59 (2898 turns).

styxcanada the Sneak (Spriggan Brigand)             Turns: 2898, Time: 00:13:00

Health: 0/26       AC:  3    Str:  7    XL:     5   Next: 5%
Magic:  6/6        EV: 18    Int: 12    God:
Gold:   84         SH:  0    Dex: 18    Spells: 4/4 levels left

rFire    . . .     SeeInvis +   a - +2 dagger
rCold    . . .     Faith    .   (shield restricted)
rNeg     . . .     Spirit   .   b - +0 robe
rPois    .         Reflect  .   (helmet restricted)
rElec    .         Harm     .   c - +0 cloak
rCorr    .         Rampage  .   (gloves unavailable)
Will     .....                  (boots unavailable)
Stlth    ++++......             (no amulet)
HPRegen  0.08/turn              (no ring)
MPRegen  0.10/turn              (no ring)

@: very quick
A: very small, no large weapons, unfitting armour, see invisible, speed 3
a: no special abilities


You were on level 2 of the Dungeon.
You visited 1 branch of the dungeon, and saw 2 of its levels.

You collected 84 gold pieces.

Inventory:

Hand Weapons
 a - a +2 dagger (weapon)
 e - a +2 quarterstaff of chaos
Missiles
 f - 32 stones (quivered)
 h - 40 sling bullets
 j - a curare-tipped dart
Armour
 b - a +0 robe (worn)
 c - a +0 cloak (worn)
Scrolls
 g - a scroll of magic mapping
 i - 2 scrolls of identify


   Skills:
 * Level 2.2 Fighting
 + Level 3.1 Short Blades
 + Level 2.6 Throwing
 * Level 3.1 Dodging
 * Level 7.3 Stealth


You had 4 spell levels left.
You didn't know any spells.
Your spell library contained the following spells:

 Spells                   Type           Power      Damage    Failure   Level
 Sublimation of Blood     Necr           0%         N/A       45%         2
 Wereblood                Tmut           0%         N/A       45%         2
 Summon Hydra             Summ           0%         N/A       100%        7


Dungeon Overview and Level Annotations

Branches:
Dungeon (2/15)

Altars:
Qazlal

Annotations:
D:2 Robin


Innate Abilities, Weirdness & Mutations

You are very small and have problems with some larger weapons.
You are too small for most types of armour.
You have supernaturally acute eyesight. (SInv)
You cover ground extremely quickly. (Speed+++)


Message History

You hit the goblin.
You kill the goblin!
The goblin closely misses you.
Things that are here:
a +0 club; a goblin corpse The goblin completely misses you.
Okay, then.
You hit the goblin.
The goblin is heavily wounded.
The goblin barely misses you.
You closely miss the goblin.
The goblin is heavily wounded.
The goblin hits you with a +0 club.
You aren't carrying any potions.
You hit the goblin.
The goblin is severely wounded.
The goblin hits you with a +0 club.
* * * LOW HITPOINT WARNING * * *
You barely miss the goblin.
The goblin is severely wounded.
The goblin hits you with a +0 club.
* * * LOW HITPOINT WARNING * * *
You hit the goblin.
You kill the goblin!
The goblin no longer looks unusually strong.
Robin laughs in a distinctly smug fashion.
You hit the goblin.
The goblin is severely wounded.
The goblin hits you but does no damage.
You hit the goblin.
You kill the goblin!
The goblin shoots a stone.
The stone barely misses you.
You hit the hobgoblin.
The hobgoblin is lightly wounded.
The goblin no longer looks unusually strong.
You hit the hobgoblin.
The hobgoblin is severely wounded.
The hobgoblin completely misses you.
Robin hits you from afar with a +0 spear.
You die...

♣♣ *♣...#*
##########>#. ♣ *♣g..#
##...#.#. *...#**
##........ *,g.'g*****
#.)..####. *,,.'.,,,,*
#....# #. *,g.'.*****
♣....♣ #< *gg.#*#####
♣...♣♣ #. ♣
*♣.g.###g..# ♣♣[♣♣ ##
♣♣ *♣...##@gg..# ♣.♣♣
#. .♣♣ ♣♣...#*###g#.#
♣♣.♣ ## ..♣♣♣#♣♣♣...#*
#.#.# ♣.♣♣
.........J.#######.g.#
♣♣.♣
#.........###.....g#g#
##'##
##.......###.#####g#.#
#...# ##########..#
##.#g# #...# ##.# ##.#
#....# #..)# #..######
#.####....# #####


You could see Robin, a hobgoblin (strong) and 2 goblins.

Vanquished Creatures
  Crazy Yiuf (D:2)
  Jessica (D:2)
  3 gnolls (D:2)
  2 worms (D:2)
  A dart slug (D:2)
  3 orcs (D:2)
  4 ball pythons
  3 endoplasms (D:2)
  2 giant cockroaches (D:1)
  5 hobgoblins (D:2)
  2 jackals (D:1)
  2 quokkas
  4 bats
  5 frilled lizards
  6 goblins (D:2)
  A kobold (D:1)
  5 rats
50 creatures vanquished.

Notes
Turn   | Place    | Note
-------+----------+-------------------------------------------
     0 | D:1      | styxcanada the Spriggan Brigand began the quest for the
                  | Orb.
     0 | D:1      | Reached XP level 1. HP: 10/10 MP: 2/2
    32 | D:1      | Reached skill level 6 in Stealth
   307 | D:1      | Reached XP level 2. HP: 11/15 MP: 3/3
   771 | D:1      | Found a faded altar of an unknown god.
  1191 | D:2      | Reached XP level 3. HP: 16/18 MP: 4/4
  1442 | D:2      | Found a stormy altar of Qazlal.
  1886 | D:2      | Found a runed translucent door.
  1887 | D:2      | Noticed Crazy Yiuf
  1907 | D:2      | Killed Crazy Yiuf
  1908 | D:2      | Reached skill level 7 in Stealth
  1908 | D:2      | Reached XP level 4. HP: 23/23 MP: 5/5
  2390 | D:2      | Noticed Jessica
  2401 | D:2      | Killed Jessica
  2455 | D:2      | Noticed Robin
  2512 | D:2      | Reached XP level 5. HP: 9/26 MP: 6/6
  2893 | D:2      | HP: 1/26 [goblin[Robin] (3)]
  2898 | D:2      | Slain by Robin

Illustrated notes

Levels and vault maps discovered:
D:1:      elethiomel_arrival_shortcut, layout_loops_ring,
          shapermc_ecumenical_altar_pompeii
D:2:      layout_loops_ring, basic_altar, kennysheep_donut, uniq_robin,
          uniq_jessica, uniq_crazy_yiuf_cottage

Skill      XL: |  1  2  3  4 |
---------------+-------------+-----
Stealth        | 6 7 |  7.3
Dodging        | 2 3 |  3.1
Fighting       | 2 |  2.2
Short Blades   | 3 |  3.1
Throwing       | |  2.6

Action                   |  1- 3 |  4- 6 || total
-------------------------+-------+-------++-------
Melee: Dagger            |    94 |    63 ||   157
Throw: Dart              |    27 |    16 ||    43
       Stone             |       |     6 ||     6
  Use: Scroll            |       |     2 ||     2
 Stab: Sleeping          |     7 |       ||     7
Armor: Robe              |     9 |    14 ||    23
Dodge: Dodged            |    53 |    56 ||   109
